 Dungeon Crawl Stone Soup version 0.28-a0-401-ge240ad9e29 (webtiles) character file.

Game seed: 1704917981752452303

721 Demosthentine the Poker (level 7, 0/55 HPs)
             Began as a Merfolk Gladiator on Sept 5, 2021.
             Slain by an ice beast (13 damage)
             ... on level 3 of the Dungeon.
             The game lasted 00:03:48 (4360 turns).

Demosthentine the Poker (Merfolk Gladiator)         Turns: 4360, Time: 00:03:48

Health: 0/55       AC:  4    Str: 16    XL:     7   Next: 70%
Magic:  7/7        EV: 14    Int:  7    God:
Gold:   127        SH:  0    Dex: 16    Spells: 6/6 levels left

rFire   . . .      SeeInvis .   a - +1 trident (freeze)
rCold   . . .      Faith    .   (no shield)
rNeg    . . .      Spirit   .   b - +0 leather armour
rPois   .          Reflect  .   c - +0 helmet
rElec   .          Harm     .   (no cloak)
rCorr   .          Rampage  .   (no gloves)
Will    .....                   (no boots)
Stlth   +.........              (no amulet)
HPRegen 0.18/turn               (no ring)
MPRegen 0.10/turn               (no ring)

@: no status effects
A: (nimble swimmer 2), mertail
a: no special abilities


You were on level 3 of the Dungeon.
You visited 1 branch of the dungeon, and saw 4 of its levels.
You also visited: Sewer.

You collected 127 gold pieces.

Inventory:

Hand Weapons
 a - a +1 trident of freezing (weapon)
Armour
 b - a +0 leather armour (worn)
 c - a +0 helmet (worn)
 f - a +1 pair of gloves
 j - a +0 buckler
Potions
 e - a potion of curing
 g - a potion of heal wounds {unknown}
 h - 3 potions of brilliance
 i - 2 potions of berserk rage
 k - 2 potions of cancellation {unknown}
 m - 2 potions of lignification


   Skills:
 + Level 4.5 Fighting
 + Level 6.9 Polearms
 - Level 2.0 Throwing
 + Level 2.5 Armour
 + Level 6.3 Dodging
 + Level 3.2 Shields


You had 6 spell levels left.
You didn't know any spells.
Your spell library contained the following spells:

 Spells                   Type           Power      Damage    Failure   Level
 Corona                   Hex            0%         N/A       50%         1
 Summon Small Mammal      Summ           0%         N/A       50%         1
 Ensorcelled Hibernation  Hex/Ice        0%         N/A       63%         2
 Call Canine Familiar     Summ           0%         N/A       86%         3
 Summon Guardian Golem    Hex/Summ       0%         N/A       86%         3
 Tukima's Dance           Hex            0%         N/A       86%         3


Dungeon Overview and Level Annotations

Branches:
Dungeon (4/15)              Sewer (visited)
 Temple: D:4-7

Altars:
Yredelemnul

Shops:
D:3 (


Innate Abilities, Weirdness & Mutations

((You are quick and stealthy near water. (Stealth+, EV+, Speed+++)))
Your lower body shifts to a powerful aquatic tail in water.


Message History

The ice beast is heavily wounded.
The ice beast hits you. The ice beast freezes you!
You closely miss the ice beast.
The ice beast is heavily wounded.
The ice beast hits you. The ice beast freezes you!
You are too injured to fight recklessly!
You are too injured to fight recklessly!
You are too injured to fight recklessly!
You are too injured to fight recklessly!
You are too injured to fight recklessly!
You are too injured to fight recklessly!
You are too injured to fight recklessly!
You are too injured to fight recklessly!
You are too injured to fight recklessly!
You are too injured to fight recklessly!
You are too injured to fight recklessly!
You are too injured to fight recklessly!
You are too injured to fight recklessly!
You are too injured to fight recklessly!
You are too injured to fight recklessly!
You are too injured to fight recklessly!
The ice beast hits you. The ice beast freezes you.
* * * LOW HITPOINT WARNING * * *
You climb upwards.
There is a stone staircase leading down, spattered with blood here.
You puncture the ice beast!
The ice beast is severely wounded.
The ice beast hits you but does no damage.
You hit the ice beast.
The ice beast is almost dead.
The ice beast closely misses you.
You hit the ice beast.
The ice beast is almost dead.
The ice beast hits you but does no damage.
You hit the ice beast.
The ice beast is almost dead.
The ice beast hits you.
* * * LOW HITPOINT WARNING * * *
The ice beast freezes you!
You die...

# ##+###.....#.≈≈.§§≈§.# #.. #
##...##.#####.§§§§§§≈.# #.# #
##.....#.# #.≈§≈≈§.≈.# #.# ##
##........# ###.≈.....≈.# #.#
.####.........###(#..≈≈≈≈≈..###..
....+..........∩...#########...†.
.####.........###....# ####..
######.......####Y#.## #.# ...#
##.....##..@[...# #.# .#.#
##...###.##.##.# #.# .#.# ##'##
#.##....# ##.# .#.# #.# #.####..#
##..# .#.# #.# #.# #..# #...#
.#.# ##(## #.####..# ##.##
.#.#####...###.......# #.#
............#######.## #.#
##.#####...########.# #.#


You could see an ice beast.

Vanquished Creatures
  A water moccasin (Sewer)
  An orc warrior (D:3)
  A necrophage (D:4)
  A scorpion (D:4)
  2 howler monkeys (D:4)
  An orc priest (D:4)
  A hound (D:4)
  2 iguanas
  A hound skeleton (D:4)
  6 gnolls
  4 adders
  An ufetubus (D:4)
  3 worms
  7 orcs (D:4)
  6 endoplasms
  8 giant cockroaches
  3 goblins
  A hobgoblin (D:4)
  3 kobolds
  A quokka (D:4)
  5 ball pythons
  8 bats
  3 frilled lizards
  A quokka skeleton (D:4)
  6 rats
77 creatures vanquished.

Notes
Turn   | Place    | Note
-------+----------+-------------------------------------------
     0 | D:1      | Demosthentine the Merfolk Gladiator began the quest for the
                  | Orb.
     0 | D:1      | Reached XP level 1. HP: 16/16 MP: 1/1
   179 | D:1      | Reached XP level 2. HP: 21/23 MP: 2/2
  1127 | D:2      | Reached XP level 3. HP: 28/28 MP: 3/3
  1473 | D:3      | Reached skill level 5 in Polearms
  1478 | D:3      | Reached skill level 1 in Armour
  1482 | D:3      | Reached skill level 1 in Shields
  1482 | D:3      | Reached XP level 4. HP: 19/34 MP: 4/4
  1626 | D:3      | Found Rettuew's Antique Weapon Shop.
  1636 | D:3      | Found a basalt altar of Yredelemnul.
  2208 | D:3      | Reached XP level 5. HP: 40/41 MP: 5/5
  2859 | D:4      | Reached skill level 5 in Dodging
  2882 | D:4      | HP: 1/61 [orc (3)]
  3021 | D:4      | Reached XP level 6. HP: 23/48 MP: 6/6
  3191 | D:4      | Found a glowing drain.
  3200 | Sewer    | Entered a sewer
  3470 | Sewer    | Noticed a water moccasin
  3489 | Sewer    | Killed a water moccasin
  3490 | Sewer    | Reached XP level 7. HP: 8/54 MP: 7/7
  4360 | D:3      | Slain by an ice beast

Illustrated notes

Levels and vault maps discovered:
D:1:      heliophobic_arrival_glass_houses, layout_basic, chequers_mini_garden
D:2:      layout_loops_corners
D:3:      layout_loops_corners, mainiacjoe_overflow_paths, serial_shops, shop
D:4:      layout_basic, cheibrodos_sewer_entry_bend

Skill      XL: |  1  2  3  4  5  6  7 |
---------------+----------------------+-----
Polearms       | 5 6 |  6.9
Armour         | 1 2 |  2.5
Shields        | 1 2 3 |  3.2
Fighting       | 3 4 |  4.5
Dodging        | 5 6 |  6.3
Throwing       | |  2.0

Action                   |  1- 3 |  4- 6 |  7- 9 || total
-------------------------+-------+-------+-------++-------
Melee: Trident           |    94 |   117 |    61 ||   272
       Tailslap          |       |     3 |       ||     3
Throw: Throwing net      |       |     1 |     2 ||     3
  Use: Scroll            |     4 |     5 |       ||     9
       Potion            |       |     4 |       ||     4
 Stab: Sleeping          |     4 |     3 |       ||     7
       Held in net/web   |       |     1 |       ||     1
Armor: Leather armour    |    17 |    22 |     8 ||    47
Dodge: Dodged            |    40 |    83 |    19 ||   142

Table legend: (Time is in decaauts)
 A = Elapsed time spent in this place.
 B = Non-inter-level travel time spent in this place.
 C = Inter-level travel time spent in this place.
 D = Time resting spent in this place.
 E = Time spent auto-exploring this place.
 F = Levels seen in this place.
 G = Mean time per level.
                   A        B        C        D        E       F      G
               +--------+--------+--------+--------+--------+-----+--------+
         Total |   4344 |   4246 |     98 |    649 |   2909 |   5 |  868.8 |
       Dungeon |   3758 |   3660 |     98 |    408 |   2604 |   4 |  939.5 |
         Sewer |    586 |    586 |      0 |    241 |    305 |   1 |  586.0 |
               +--------+--------+--------+--------+--------+-----+--------+

Top non-repeatable levels by time:
     D:3: 1587 daAuts
     D:2: 863 daAuts
     D:4: 746 daAuts
   Sewer: 586 daAuts
     D:1: 561 daAuts
